 Dungeon Crawl Stone Soup version 0.18-a0-1229-ge9a1a01 (webtiles) character file.

1402 George the Carver (level 8, -14/64 HPs)
             Began as a Minotaur Fighter on Feb 4, 2016.
             Killed from afar by Duffy's ghost (26 damage)
             ... with a bolt of negative energy
             ... on level 6 of the Dungeon.
             The game lasted 00:07:16 (5068 turns).

George the Carver (Minotaur Fighter)                Turns: 5068, Time: 00:07:16

Health: -14/64     AC: 10    Str: 23    XL:     8   Next: 42%
Magic:  7/7        EV:  7    Int:  5    God:
Gold:   313        SH:  9    Dex: 10    Spells: 0 memorised, 7 levels left

rFire  + . .     SeeInvis .     a - +0 long sword
rCold  . . .     Gourm    .     z - +2 scale mail {rF+}
rNeg   . . .     Faith    .     c - +0 shield
rPois  +         Spirit   .     (helmet restricted)
rElec  .         Dismiss  .     (no cloak)
rCorr  .         Reflect  .     p - +0 pair of gloves
SustAt .         Harm     .     F - +0 pair of boots
MR     .....                    (no amulet)
Stlth  ..........               m - ring of poison resistance
                                l - ring of wizardry

@: drained, not resistant to hostile enchantments, extremely unstealthy
A: retaliatory headbutt, horns 2
a: no special abilities


You were on level 6 of the Dungeon.
You were not hungry.

You visited 1 branch of the dungeon, and saw 6 of its levels.

You collected 313 gold pieces.

Inventory:

Hand Weapons
 a - a +0 long sword (weapon)
Missiles
 E - 2 throwing nets (quivered)
Armour
 c - a +0 shield (worn)
 p - a +0 pair of gloves (worn)
 z - a +2 scale mail of fire resistance (worn)
 F - a +0 pair of boots (worn)
Jewellery
 l - a ring of wizardry (left hand)
 m - a ring of poison resistance (right hand)
 C - a cursed ring of loudness {unknown}
 H - an uncursed ring of protection from cold {unknown}
Wands
 L - a wand of random effects (15/48)
Scrolls
 g - a scroll of recharging {unknown}
 i - a scroll of identify {unknown}
 j - 5 scrolls of remove curse {unknown}
 o - 2 scrolls of noise {unknown}
 t - a scroll of teleportation {unknown}
 u - a scroll of enchant weapon {unknown}
 w - 2 scrolls of amnesia {unknown}
 y - 3 scrolls of random uselessness {unknown}
 B - 2 scrolls of blinking {unknown}
Potions
 d - a potion of might
 k - 4 potions of curing {unknown}
 n - a potion of ambrosia {unknown}
 r - 2 potions of cure mutation {unknown}
 s - a potion of invisibility {unknown}
 G - a potion of magic {unknown}
 K - a potion of resistance {unknown}
Comestibles
 f - 5 bread rations
 h - 4 meat rations
 v - 4 beef jerkies
 J - a slice of pizza
 M - a chunk of flesh


   Skills:
 - Level 3.6(2.5) Fighting
 + Level 12.3(10.9) Long Blades
 - Level 3.6(2.5) Armour
 - Level 3.6(2.5) Shields


You had 7 spell levels left.
You didn't know any spells.

Dungeon Overview and Level Annotations

Branches:
Dungeon (6/15)
 Temple: D:4-7

Altars:
Ashenzari
Cheibriados
Dithmenos
Elyvilon
Fedhas
Okawaru
Ru
Sif Muna
Trog
Xom

Annotations:
D:6 Duffy's ghost, novice DrTm


Innate Abilities, Weirdness & Mutations

You reflexively headbutt those who attack you in melee.
You have a pair of horns on your head.


Message History

You are too injured to fight recklessly!
You are too injured to fight recklessly!
The vampire casts a spell.
The vampire flickers and vanishes!
Deactivating autopickup; reactivate with Ctrl-A.
Items here: )) [ † a short sword; a dagger; a robe; an orc corpse Duffy's ghost screams, "I'll kill anyone who wants the ORB!"
You hear some strange, mumbled words.
Something tries to affect you, but you resist.
Duffy's ghost breathes negative energy at you.
The bolt of negative energy hits something.
Duffy's ghost ripples.
You are confused.
Something hits you. Something bites you!
* * * LOW HITPOINT WARNING * * *
You feel less confused.
Duffy's ghost breathes negative energy at you.
The bolt of negative energy hits you!
You feel drained.
You die...

#..##.....###..##
#...## #....
#........# ##..#
##...## ##...
.........# #...#
#.....# ####
........###..##
##.....# #
#......#...#
##...##########
#......#...####...##
#....##.
##......#.........##
##.......
##......>...W.....##
#...#####
##..###........@..##
##..## ##W.##
##..........##
##..## #.)##
########....###.<##
..## ##.......## .##
###....## .# ##..##
.# #### .. ..


You could see Duffy's ghost.

Vanquished Creatures
  The ghost of Uberwunderbarhen the Ducker, an amateur OpTm of Makhleb (D:5)
  A sky beast (D:6)
  An ice beast (D:6)
  A giant frog (D:6)
  A scorpion (D:6)
  3 crimson imps (D:5)
  A hound (D:4)
  A giant frog skeleton (D:4)
  A gnoll shaman (D:5)
  3 orc priests
  3 jellies (D:5)
  Natasha (twice) (D:2)
  5 orc wizards
  A worker ant (D:6)
  2 iguanas
  A hound skeleton (D:4)
  6 adders
  10 gnolls
  3 shadow imps (D:5)
  An ooze (D:1)
  4 worms
  3 giant geckos
  24 orcs
  6 bats
  4 giant cockroaches
  6 goblins
  6 hobgoblins
  4 quokkas
  2 ball pythons
  2 giant newts
  2 kobolds
  8 rats
119 creatures vanquished.

Notes
Turn   | Place    | Note
--------------------------------------------------------------
     0 | D:1      | George the Minotaur Fighter began the quest for the Orb.
     0 | D:1      | Reached XP level 1. HP: 19/19 MP: 0/0
    53 | D:1      | Reached XP level 2. HP: 24/26 MP: 1/1
   749 | D:2      | Noticed Natasha
   759 | D:2      | Killed Natasha
   759 | D:2      | Reached skill level 4 in Long Blades
   759 | D:2      | Reached XP level 3. HP: 23/31 MP: 2/2
   924 | D:2      | Reached skill level 5 in Long Blades
  1017 | D:2      | Noticed Natasha
  1021 | D:2      | Killed Natasha
  1021 | D:2      | Reached XP level 4. HP: 32/39 MP: 3/3
  1352 | D:3      | Reached skill level 6 in Long Blades
  1362 | D:3      | Reached XP level 5. HP: 27/45 MP: 4/4
  1486 | D:3      | Found a shattered altar of Ashenzari.
  1624 | D:3      | Reached skill level 7 in Long Blades
  1906 | D:3      | Reached XP level 6. HP: 38/51 MP: 5/5
  2062 | D:3      | Reached skill level 8 in Long Blades
  2923 | D:4      | Reached skill level 9 in Long Blades
  3465 | D:5      | Entered Level 5 of the Dungeon
  3477 | D:5      | Reached XP level 7. HP: 54/57 MP: 6/6
  3487 | D:5      | Found a deep blue altar of Sif Muna.
  3489 | D:5      | Found a sacrificial altar of Ru.
  3553 | D:5      | Found an iron altar of Okawaru.
  3553 | D:5      | Found a snail-covered altar of Cheibriados.
  3553 | D:5      | Found a shadowy altar of Dithmenos.
  3553 | D:5      | Found a white marble altar of Elyvilon.
  3554 | D:5      | Found a blossoming altar of Fedhas.
  3750 | D:5      | Reached skill level 10 in Long Blades
  4145 | D:5      | Noticed Uberwunderbarhen's ghost (amateur OpTm)
  4159 | D:5      | Killed Uberwunderbarhen's ghost
  4159 | D:5      | Reached skill level 11 in Long Blades
  4309 | D:5      | Found a shimmering altar of Xom.
  4311 | D:5      | Found a bloodstained altar of Trog.
  4437 | D:5      | Reached XP level 8. HP: 64/64 MP: 7/7
  4922 | D:6      | Reached skill level 12 in Long Blades
  5048 | D:6      | Noticed Duffy's ghost (novice DrTm)
  5068 | D:6      | Killed from afar by Duffy's ghost

Vault maps used:
D:1:      lightli_arrival_statue_moat
D:2:      uniq_natasha
D:3:      evilmike_ruin_ashenzari
D:5:      grunt_temple_overflow_open, gammafunk_temple_overflow_statue,
          first_bread
D:6:      uniq_pikel

Action                   |  1- 3 |  4- 6 |  7- 9 || total
-------------------------+-------+-------+-------++-------
Melee: Long sword        |    63 |   202 |   162 ||   427
 Stab: Distracted        |       |     1 |       ||     1
  Eat: Chunk             |       |     8 |     4 ||    12
       Royal jelly       |       |       |     1 ||     1
